wizbiz, chaotic female elven Wizard -----#` |....# --------- |...| |....@..| |...-# |.....u.| -----# |.......| # |....f...# # -----.---# # # # # ##[ # # # # # ## ## ### ------.---- ## # |.........| # ###|.........|### .. #........).-# -- ----------- wizbiz the Thaumaturge Experience level: 6 Strength: 11 Dexterity: 12 Constitution: 13 Intelligence: 20 Wisdom: 14 Charisma: 9 Health: 0(39) Energy: 70(82) Def: 3 Gold: 1010 Moves: 3343 Dungeon seed: Az1pAy-X7HgPypTg Game ID: wizbiz_1532379722 Your Inventory: Coins $ - 1010 gold pieces Weapons u - a +0 sling w - the rustproof +0 Magicbane (weapon in hand) G - a +0 sling H - 8 +0 ya K - a +2 orcish dagger L - 2 +0 daggers S - a blessed +1 quarterstaff Armor x - an uncursed +0 cloak of magic resistance (being worn) z - an uncursed +0 pair of iron shoes (being worn) Comestibles E - an uncursed fortune cookie Scrolls i - an uncursed scroll of remove curse j - an uncursed scroll of scare monster q - 2 uncursed scrolls of fire C - an uncursed scroll of stinking cloud Potions a - an uncursed potion of gain level f - a blessed potion of object detection g - an uncursed potion of confusion h - 3 uncursed potions of water o - 2 uncursed potions of monster detection p - 2 uncursed potions of booze A - an uncursed potion of fruit juice D - a blessed potion of booze F - a cursed potion of restore ability Rings c - an uncursed ring of conflict d - an uncursed ring of free action t - an uncursed ring of invisibility Wands b - a wand of undead turning (0:8) Tools e - an uncursed skeleton key n - an uncursed wooden flute Gems r - an uncursed worthless piece of blue glass y - an uncursed worthless piece of white glass Spells and supernatural/magical abilities: Name Level Category Fail Memory a - force bolt 1 attack 0% 84% n - detect monsters 1 divination 0% 84% z - sleep 1 enchantment 0% 87% W - pray for help -- divine ? -- Your skills at the end: Fighting Skills Weapon Skills quarterstaff [Basic] Spellcasting Skills attack spells [Basic] enchantment spells [Basic] Final Attributes: You were piously aligned. You were sleep resistant. You were magic-protected. You had infravision. You were lucky. You are dead. Vanquished creatures: a large mimic a dingo 2 Mordor orcs a rock piercer 3 little dogs a floating eye a dwarf 2 hill orcs 4 rothes a wererat an iguana an acid blob a gas spore 2 manes 2 large kobolds a hobgoblin 4 cave spiders a yellow mold a red mold 5 garter snakes 5 geckos 5 jackals 2 foxes a kobold 4 sewer rats 8 grid bugs 6 lichens 2 kobold zombies 7 newts 76 creatures vanquished. Voluntary challenges: You used a wielded weapon 68 times, starting on turn 166. You read items or engraved 4 times, starting on turn 686. You never genocided any monsters. You never polymorphed an object. You never changed form. You used no wishes. You never split a pudding. You wrote Elbereth's name 1 time, starting on turn 2818. You violated your moral code, losing 3 points of alignment, starting on turn 423. Dungeon overview: The Dungeons of Doom: levels 1 to 7 Level 1 some fountains a long staircase Level 2 a general store, a fountain Level 3 an armor shop, a fountain stairs to The Gnomish Mines Level 4 (stash) some fountains, a sink Level 5 (vault) a potion shop Level 6 an altar to Anhur, a sink Level 7 <- You were here The Gnomish Mines: Level 4 stairs to The Dungeons of Doom History has recorded: On T:1 you entered the Dungeons of Doom to retrieve the Amulet of Yendor! On T:255 you reached level 2 of The Dungeons of Doom. On T:284 you reached level 3 of The Dungeons of Doom. On T:663 you advanced to experience level 2. On T:875 you reached level 4 of The Dungeons of Doom. On T:910 you advanced to experience level 3. On T:1062 you reached level 1 of The Gnomish Mines. On T:1207 you reached level 5 of The Dungeons of Doom. On T:1674 you advanced to experience level 4. On T:1721 you reached level 6 of The Dungeons of Doom. On T:1881 you advanced to experience level 5. On T:2102 you reached level 7 of The Dungeons of Doom. On T:3276 you advanced to experience level 6. On T:3287 you received Magicbane from Anhur. Score breakdown: Gold: 1010 (10221 points) Experience: 6 levels (12456 points) Exploration: 7 levels ( 13.73%) (10392 points) Discoveries: 5 items ( 1.81%) ( 4037 points) Valuables value: (no points given unless you survive) Artifact value: 3500 (12056 points) Variety of kills: 29 monsters ( 7.61%) ( 8276 points) Turncount: 3343 turns ( -759 points) Survival: died (score multiplied by 80%) Total score: 45343 Latest messages: You are now wielding your athame named Magicbane. Swapping: w - an athame named Magicbane (weapon in hand). S - a blessed +1 quarterstaff. You hear a gurgling noise. You feel agile! You must have been working on your reflexes. You finish searching. The white unicorn butts! The white unicorn kicks! The kitten bites the white unicorn. The white unicorn butts the kitten. The white unicorn hits the kitten. The white unicorn butts! The white unicorn kicks! The spell misses the white unicorn. The white unicorn butts! The white unicorn kicks! The white unicorn butts! The white unicorn kicks! You die... Final status: Goodbye wizbiz the Wizard, killed by a white unicorn... You died in The Dungeons of Doom on dungeon level 7 with 45343 points, and 1010 pieces of gold, after 3343 moves. You were level 6 with a maximum of 39 hit points when you died.